 Dungeon Crawl Stone Soup version 0.29-a0-723-gce39da1c22 (webtiles) character file.

Game seed: 16807927354263956638

54 gobodom the Chopper (level 3, -2/35 HPs)
             Began as a Troll Gladiator on June 28, 2022.
             Was a Priest of Uskayaw.
             Slain by a gnoll
             ... wielding a +0 halberd
              (14 damage)
             ... on level 2 of the Dungeon.
             The game lasted 00:03:31 (967 turns).

gobodom the Chopper (Troll Gladiator)                Turns: 967, Time: 00:03:32

Health: -2/35      AC:  4    Str: 22    XL:     3   Next: 66%
Magic:  2/2        EV: 10    Int:  6    God:    Uskayaw [***...]
Gold:   99         SH:  0    Dex: 11    Spells: 2/2 levels left

rFire   . . .      SeeInvis .   a - +0 war axe
rCold   . . .      Faith    .   (no shield)
rNeg    . . .      Spirit   .   b - +0 robe
rPois   .          Reflect  .   c - +0 hat
rElec   .          Harm     .   (no cloak)
rCorr   .          Rampage  .   (gloves unavailable)
Will    .....                   (boots unavailable)
Stlth   +.........              (no amulet)
HPRegen 0.91/turn               (no ring)
MPRegen 0.08/turn               (no ring)

@: no status effects
A: large, unfitting armour, claws 3, regeneration 1, shaggy fur 1, tough skin 1
a: Renounce Religion, Stomp, Line Pass


You were on level 2 of the Dungeon.
You worshipped Uskayaw.
Uskayaw was noncommittal.
You visited 1 branch of the dungeon, and saw 2 of its levels.

You collected 99 gold pieces.

Inventory:

Hand Weapons
 a - a +0 war axe (weapon)
Missiles
 d - 3 throwing nets (quivered)
 e - a large rock
Armour
 b - a +0 robe (worn)
 c - a +0 hat (worn)
Magical Staves
 j - a staff of cold
Jewellery
 g - a ring of fire
 k - an amulet of guardian spirit
Scrolls
 h - a scroll of poison {unknown}
 i - 2 scrolls of summoning {unknown}
Potions
 f - a potion of attraction {unknown}


   Skills:
 + Level 1.9 Fighting
 + Level 3.2 Axes
 + Level 1.8 Throwing
 + Level 3.0 Dodging


You had 2 spell levels left.
You didn't know any spells.
Your spell library contained the following spells:

 Spells                   Type           Power      Damage    Failure   Level
 Inner Flame              Hex/Fire       0%         N/A       83%         3
 Cause Fear               Hex            0%         N/A       99%         4
 Discord                  Hex            0%         N/A       100%        8


Dungeon Overview and Level Annotations

Branches:
Dungeon (2/15)

Altars:
Uskayaw


Innate Abilities, Weirdness & Mutations

You are too large for most types of armour.
You have claws for hands.
Your natural rate of healing is unusually fast.
You are covered in fur. (AC +1)
You have tough skin. (AC +1)


Message History

The gnoll hits you with a +0 spear. The gnoll barely misses you.
You completely miss the gnoll.
The gnoll is almost dead.
The gnoll hits you with a +0 spear. The gnoll closely misses you.
You hit the gnoll.
You kill the gnoll!
The gnoll hits you but does no damage.
The gnoll hits you from afar with a +0 spear.
You can now pass through a line of other dancers.
Your Axes skill increases to level 3!
The gnoll completely misses you. The gnoll barely misses you.
Things that are here:
a +0 spear; a gnoll corpse You slash the gnoll!
The gnoll is heavily wounded.
The gnoll hits you from afar with a +0 spear.
The gnoll closely misses you.
You hit the gnoll but do no damage.
The gnoll is heavily wounded.
The gnoll hits you with a +0 spear.
The gnoll hits you from afar with a +0 spear.
You hit the gnoll but do no damage.
The gnoll is heavily wounded.
The gnoll closely misses you. x2; The gnoll hits you with a +0 spear.
The gnoll completely misses you.
You closely miss the gnoll.
The gnoll is heavily wounded.
The gnoll hits you from afar with a +0 spear.
The gnoll hits you with a +0 spear.
* * * LOW HITPOINT WARNING * * *
Okay, then.
You slash the gnoll!
You kill the gnoll!
The gnoll closely misses you.
Uskayaw will force your foes to helplessly watch your dance.
Uskayaw prepares the audience for your solo!
Your Dodging skill increases to level 3!
The gnoll is no longer paralysed. x2
The gnoll hits you from afar with a +0 halberd!
You die...

#......(.....# #
#..###(##.#### #
..#######..#
#.#.#.## #
...........#
#..###.######
...#######.## #.##
##...... ....#
####.#
##.###.###### #...
..##.# ##.#.## ...
#.##)# ##.##
###.##.##@#
#.########
#....#.##g####
#.........
#.#........g...#
##########
...............#
###
#...#..†..........
#.. #[
#.......###### #.#
#..<....... #.#
............##.
#.# ###.#.......#
# #.#


You could see 2 gnolls.

Vanquished Creatures
  2 gnolls (D:2)
  2 dart slugs
  3 endoplasms (D:1)
  3 giant cockroaches
  2 goblins (D:1)
  4 hobgoblins
  3 ball pythons (D:1)
  3 frilled lizards (D:1)
  3 kobolds (D:1)
  5 rats (D:1)
30 creatures vanquished.

Notes
Turn   | Place    | Note
-------+----------+-------------------------------------------
     0 | D:1      | gobodom the Troll Gladiator began the quest for the Orb.
     0 | D:1      | Reached XP level 1. HP: 19/19 MP: 0/0
     3 | D:1      | Noticed an electric eel
     4 | D:1      | Noticed an electric eel
    96 | D:1      | Found a faded altar of an unknown god.
   102 | D:1      | Prayed at the altar of an unknown god.
   102 | D:1      | Became a worshipper of Uskayaw the Reveller
   102 | D:1      | Reached * piety under Uskayaw
   121 | D:1      | Reached ** piety under Uskayaw
   122 | D:1      | Reached XP level 2. HP: 27/28 MP: 1/1
   797 | D:2      | Reached XP level 3. HP: 35/35 MP: 2/2
   966 | D:2      | Reached *** piety under Uskayaw
   967 | D:2      | Slain by a gnoll

Illustrated notes

Levels and vault maps discovered:
D:1:      arrival_aquarium_b, layout_basic,
          shapermc_ecumenical_altar_mp_vishouse, dreamdust_wishing_well,
          kennysheep_small_spiral, minmay_tripent
D:2:      layout_loops_ring, dk_noncrumbling_2

Skill      XL: |  1  2  3 |
---------------+----------+-----
Axes           | 3 |  3.2
Dodging        | 3 |  3.0
Fighting       | |  1.9
Throwing       | |  1.8

Action                   || total
-------------------------++-------
Melee: War axe           ||    62
 Stab: Sleeping          ||     1
Armor: Robe              ||    22
Dodge: Dodged            ||    35

Table legend: (Time is in decaauts)
 A = Elapsed time spent in this place.
 B = Non-inter-level travel time spent in this place.
 C = Inter-level travel time spent in this place.
 D = Time resting spent in this place.
 E = Time spent auto-exploring this place.
 F = Levels seen in this place.
 G = Mean time per level.
                   A        B        C        D        E       F      G
               +--------+--------+--------+--------+--------+-----+--------+
         Total |    989 |    945 |     44 |      0 |    691 |   2 |  494.5 |
       Dungeon |    989 |    945 |     44 |      0 |    691 |   2 |  494.5 |
               +--------+--------+--------+--------+--------+-----+--------+

Top non-repeatable levels by time:
     D:1: 809 daAuts
     D:2: 180 daAuts
